 Dungeon Crawl Stone Soup version 0.23.2-11-gf996548 (webtiles) character file.

Game seed: 9899339085963462840

51 IBeShadow the Firebug (level 3, -3/29 HPs)
             Began as a Draconian Fire Elementalist on June 3, 2019.
             Killed by divine providence
             ... invoked by an orc priest
              (12 damage)
             ... on level 3 of the Dungeon.
             The game lasted 00:03:03 (2697 turns).

IBeShadow the Firebug (Draconian Fire Elementalist) Turns: 2697, Time: 00:03:07

Health: -3/29      AC:  5    Str: 10    XL:     3   Next: 58%
Magic:  3/6        EV: 12    Int: 16    God:
Gold:   114        SH:  0    Dex: 11    Spells: 5/6 levels left

rFire    . . .     SeeInvis .   m - +2 short sword (venom)
rCold    . . .     Gourm    .   (no shield)
rNeg     . . .     Faith    .   (armour unavailable)
rPois    .         Spirit   .   (helmet restricted)
rElec    .         Reflect  .   (no cloak)
rCorr    .         Harm     .   (no gloves)
MR       .....                  (no boots)
Stlth    ++........             (no amulet)
HPRegen  0.09/turn              (no ring)
MPRegen  0.10/turn              (no ring)

@: no status effects
A: unfitting armour, cold-blooded, AC +5
a: no special abilities


You were on level 3 of the Dungeon.
You were not hungry.

You visited 1 branch of the dungeon, and saw 3 of its levels.

You collected 114 gold pieces.

Inventory:

Hand Weapons
 h - a +0 whip
 m - a +2 short sword of venom (weapon)
Scrolls
 a - 4 scrolls of identify {unknown}
 c - 4 scrolls of remove curse {unknown}
 d - 3 scrolls of teleportation {unknown}
 e - 3 scrolls of fear {unknown}
 g - 2 scrolls of enchant armour {unknown}
Potions
 f - 2 potions of lignification {unknown}
 i - a potion of brilliance {unknown}
 j - 4 potions of curing {unknown}
 k - a potion of agility {unknown}
 l - a potion of heal wounds {unknown}
 n - a potion of degeneration {unknown}
Comestibles
 b - 3 rations


   Skills:
 + Level 1.9 Fighting
 - Level 1.7 Dodging
 - Level 1.7 Stealth
 - Level 2.0 Spellcasting
 + Level 2.1 Conjurations
 + Level 3.6 Fire Magic


You had 5 spell levels left.
You knew the following spells:

 Your Spells              Type           Power        Failure   Level  Hunger
a - Flame Tongue          Conj/Fire      ##...        6%          1    #......

Your spell library contained the following spells:

 Spells                   Type           Power        Failure   Level  Hunger
 Throw Flame              Conj/Fire      ##....       10%         2    ###....
 Conjure Flame            Conj/Fire      ##......     19%         3    ###....
 Inner Flame              Hex/Fire       #.......     30%         3    ###....
 Sticky Flame             Conj/Fire      ##......     54%         4    #####..
 Fireball                 Conj/Fire      ##........   87%         5    ######.


Dungeon Overview and Level Annotations

Branches:
Dungeon (3/15)

Altars:


Innate Abilities, Weirdness & Mutations

Your plain brown scales are hard. (AC +5)
You cannot fit into any form of body armour.
You are cold-blooded and may be slowed by cold attacks.


Message History

The orc priest barely misses you.
You hit the orc priest.
The orc priest looks as sick as possible!
The orc priest is moderately wounded.
The orc barely misses you.
The orc priest hits you from afar with a +0 trident.
The orc priest hits you with a cursed -2 short sword.
You barely miss the orc priest.
The orc priest is heavily wounded.
The leopard gecko hisses menacingly.
The orc misses you.
The orc priest hits you with a cursed -2 short sword.
The orc priest barely misses you.
You hit the orc priest but do no damage.
The orc priest is heavily wounded.
The orc barely misses you.
The orc priest hits you with a cursed -2 short sword.
The orc priest invokes the aid of Beogh against you.
Beogh smites you!
You die...

#.# #.# #.# #.# ####.##
#..... ######.##o#
#.#####......##@#####...
...............o)ol...>.
#........#...##.########
#........#...##.#
#........#....#.#
#.............#.#
#........####.#.#
##........# #.#.#
#........## #.#.#


You could see 2 orc priests, an orc and a leopard gecko.

Vanquished Creatures
  An adder (D:2)
  A worm (D:2)
  A dart slug (D:1)
  A leopard gecko (D:2)
  An orc (D:3)
  A ball python (D:2)
  5 bats
  A giant cockroach (D:2)
  3 goblins
  6 hobgoblins
  3 frilled lizards
  3 kobolds
  7 rats
34 creatures vanquished.

Notes
Turn   | Place    | Note
-------+----------+-------------------------------------------
     0 | D:1      | IBeShadow the Draconian Fire Elementalist began the quest
                  | for the Orb.
     0 | D:1      | Reached XP level 1. HP: 14/14 MP: 3/3
   265 | D:1      | Reached XP level 2. HP: 10/22 MP: 0/5
   294 | D:1      | Reached skill level 1 in Fighting
  1523 | D:2      | Reached XP level 3. HP: 28/28 MP: 1/6
  2697 | D:3      | Killed from afar by an orc priest

Skill      XL: |  1  2  3 |
---------------+----------+-----
Fighting       | 1 |  1.9
Conjurations   | 2 |  2.1
Dodging        | |  1.7
Stealth        | |  1.7
Spellcasting   | |  2.0
Fire Magic     | |  3.6

Action                   || total
-------------------------++-------
Melee: Unarmed           ||    44
       Tailslap          ||     8
       Club              ||    37
       Whip              ||    33
       Short sword       ||    20
 Cast: Flame Tongue      ||    32
 Stab: Sleeping          ||     3
  Eat: Chunk             ||     6
Armor: Skin              ||    60
Dodge: Dodged            ||   116
